 Dungeon Crawl Stone Soup version 0.30-a0-358-g0d69a1922f (webtiles) character file.

Game seed: 17102735047364570430

8208 MrRokkomies the Carver (level 11, -3/102 HPs)
             Began as a Meteoran Cinder Acolyte on Nov 10, 2022.
             Was an Initiate of Ignis.
             Slain by an orange demon (5 damage)
             ... led by Amaemon
             ... on level 10 of the Dungeon.
             The game lasted 00:23:32 (5412 turns).

MrRokkomies the Carver (Meteoran Cinder Acolyte)    Turns: 5412, Time: 00:23:32

Health: -3/102     AC: 14    Str: 15    XL:     11   Next: 80%
Magic:  14/14      EV: 15    Int: 17    God:    Ignis [......]
Gold:   548        SH: 13    Dex: 17    Spells: 12/12 levels left

rFire   + + +      SeeInvis .    a - +2 falchion (drain)
rCold   + + .      Faith    .    d - +2 shield of Resistance {rF++ rC++ Will++}
rNeg    . . .      Spirit   .    H - +2 robe "Vippu" {+Blink rElec rPois}
rPois   +          Reflect  .    o - +0 helmet
rElec   +          Harm     .    i - +1 cloak
rCorr   .          Rampage  .    f - +1 pair of gloves {Dex+3}
Will    +++..                    c - +0 pair of boots
Stlth   +.........               K - amulet of regeneration
HPRegen 1.17/turn                m - ring of poison resistance
MPRegen 0.14/turn                J - +4 ring of protection

@: mighty, weakened, hasted, glowing, very quick
A: sense surroundings 2, otherworldly, glowing, explore regen
a: Renounce Religion, Evoke Blink


You were on level 10 of the Dungeon.
You worshipped Ignis.
Ignis was noncommittal.
You visited 1 branch of the dungeon, and saw 10 of its levels.

You collected 548 gold pieces.

Inventory:

Hand Weapons
 a - a +2 falchion of draining (weapon)
 b - a +0 falchion of flaming
 z - the +8 frozen axe "Frostbite" {freezing cloud, *Noise Fly rC+}
   (You found it on level 7 of the Dungeon)

   It freezes those it strikes, dealing additional cold damage.
   It can also slow down cold-blooded creatures.
   It occasionally leaves clouds of freezing vapour upon striking a foe.
   It grants immunity to clouds of freezing vapour.
   rC:        It protects you from cold.
   Fly:       It grants you flight.
   *Noise:    It may make noises in combat.
Missiles
 h - 3 curare-tipped darts
 x - 19 poisoned darts (quivered)
Armour
 c - a +0 pair of boots (worn)
 d - the +2 shield of Resistance (worn) {rF++ rC++ Will++}
   (You acquired it on level 2 of the Dungeon)

   rF:        It greatly protects you from fire.
   rC:        It greatly protects you from cold.
   Will:      It greatly increases your willpower.
 f - a +1 pair of gloves of dexterity (worn)
 i - a +1 cloak (worn)
 k - a +0 ring mail
 o - a +0 helmet (worn)
 A - a +0 troll leather armour
 B - a +0 robe
 H - the +2 robe "Vippu" (worn) {+Blink rElec rPois}
   (You found it on level 8 of the Dungeon)

   rElec:     It insulates you from electricity.
   rPois:     It protects you from poison.
   +Blink:    It lets you blink.
Jewellery
 e - a ring of flight
 m - a ring of poison resistance (left hand)
 C - a +6 ring of dexterity
 I - a +6 ring of dexterity
 J - a +4 ring of protection (right hand)
 K - an amulet of regeneration (around neck)
 L - an amulet of the acrobat
Wands
 n - a wand of digging (5)
 t - a wand of charming (21)
 u - a wand of flame (36)
 F - a wand of polymorph (7)
Scrolls
 j - a scroll of enchant weapon
 s - 4 scrolls of poison
 y - a scroll of teleportation
 G - a scroll of immolation
Potions
 g - 3 potions of brilliance
 l - 2 potions of attraction
 p - a potion of magic
 r - 6 potions of flight
 v - a potion of resistance
 w - 2 potions of ambrosia
 D - 2 potions of might


   Skills:
 * Level 11.3 Fighting
 * Level 12.3 Long Blades
 + Level 8.2 Dodging
 - Level 0.3 Stealth
 + Level 8.2 Shields
 - Level 1.3 Spellcasting
 - Level 4.0 Fire Magic


You had 12 spell levels left.
You didn't know any spells.
Your spell library contained the following spells:

 Spells                   Type           Power      Damage    Failure   Level
 Scorch                   Fire           28%        2d6       14%         2
 Cause Fear               Hex            0%         N/A       99%         4
 Dragon Form              Tmut           0%         N/A       100%        7
 Dragon's Call            Summ           0%         N/A       100%        9


Dungeon Overview and Level Annotations

Branches:
Dungeon (10/15) Zot: 570   Temple (0/1) D:7
   Lair: D:8-11         Orc: D:9-12

Altars:
Gozag
Makhleb
Nemelex Xobeh
Qazlal
Sif Muna
Trog
Uskayaw
Wu Jian
Yredelemnul

Shops:
D:4 (   D:9 !

Annotations:
D:3 2 transporters
D:4 2 transporters, Zaque's ghost, amateur OpTm


Innate Abilities, Weirdness & Mutations

You passively map the area around you.
You are easily found by Zot.
You glow in the dark.
You regain HP and MP as you explore.


Message History

You block the vampire mosquito's attack.
The vampire mosquito bites you!
* * * LOW HITPOINT WARNING * * *
The vampire mosquito draws strength from your injuries!
You block the orange demon's attack. The orange demon completely misses you.
The vampire mosquito bites you.
* * * LOW HITPOINT WARNING * * *
The vampire mosquito draws strength from your injuries!
You feel much better.
The vampire mosquito bites you but does no damage. x3
The orange demon stings you but does no damage.
The orange demon hits you.
* * * LOW HITPOINT WARNING * * *
Okay, then.
Unknown command.
You slash the orange demon!
The orange demon is almost dead.
You block the vampire mosquito's attack. x2
The vampire mosquito bites you but does no damage.
You block the orange demon's attack. The orange demon misses you.
The vampire mosquito bites you!
* * * LOW HITPOINT WARNING * * *
The vampire mosquito draws strength from your injuries!
You hit the orange demon.
The orange demon is almost dead.
The vampire mosquito completely misses you.
The vampire mosquito bites you!
* * * LOW HITPOINT WARNING * * *
The vampire mosquito draws strength from your injuries!
The orange demon stings you.
* * * LOW HITPOINT WARNING * * *
The orange demon hits you.
* * * LOW HITPOINT WARNING * * *
You feel your attacks grow feeble.
It was a potion of haste.
You feel yourself speed up.
The vampire mosquito completely misses you.
The vampire mosquito misses you.
You block the vampire mosquito's attack.
The vampire mosquito barely misses you. The orange demon stings you.
You die...

* , * , , #.. * ,
* *, #.. ,, ..# ,
*, #.. * *#..# **
#.. #..# ,* ,, ,*
, #.. #..# * , * ,
#..* #..#### , * *
#.4#####...... , ,
#..@y††...#* * ,
#...y†....# *.# ,
#..#####..# .# * ,
#.$ #..# .# , ,
#.. #..# *.# *
#..#####..######.#
#................#
,*
#................#
, *
.####..........#


You could see an orange demon and 2 vampire mosquitoes.

Vanquished Creatures
  A two-headed ogre (D:8)
  Amaemon (D:10)
  2 freezing wraiths (D:7)
  2 ice devils (D:7)
  A troll (D:5)
  Prince Ribbit (D:8)
  Sigmund (D:4)
  Eustachio (D:4)
  9 yaks
  A steam dragon (D:9)
  Menkaure (D:7)
  2 acid dragons
  2 water moccasins
  3 sky beasts
  2 orc warriors
  An ice beast (D:5)
  2 ogres (D:5)
  2 centaurs (D:6)
  4 phantoms
  2 kobold brigands
  3 bullfrogs
  2 scorpions (D:4)
  2 necrophages
  5 wights
  5 killer bees (D:8)
  4 howler monkeys
  6 hounds
  6 jellies
  2 gnoll boudas
  4 orc priests
  4 iguanas
  5 orc wizards
  8 adders
  10 gnolls
  A shadow imp (D:8)
  6 white imps
  An ufetubus (D:6)
  2 worms
  A dart slug (D:3)
  23 orcs
  6 endoplasms
  3 giant cockroaches
  2 goblins
  6 hobgoblins
  4 quokkas
  9 ball pythons
  5 bats
  3 frilled lizards
  9 kobolds
  4 rats
192 creatures vanquished.

Vanquished Creatures (others)
  76 foxfires
  2 plants (D:2)
78 creatures vanquished.

Grand Total: 270 creatures vanquished

Notes
Turn   | Place    | Note
-------+----------+-------------------------------------------
     0 | D:1      | MrRokkomies the Meteoran Cinder Acolyte began the quest for
                  | the Orb.
     0 | D:1      | Reached XP level 1. HP: 19/19 MP: 3/3
   101 | D:1      | Reached XP level 2. HP: 26/26 MP: 5/5
   239 | D:1      | Reached skill level 4 in Long Blades
   354 | D:2      | Reached XP level 3. HP: 28/33 MP: 6/6
   360 | D:2      | Identified a scroll of acquirement
   360 | D:2      | Acquired the +2 shield of Resistance {rF++ rC++ Will++}
   360 | D:2      | Found the +2 shield of Resistance {rF++ rC++ Will++}
   726 | D:2      | Found a faded altar of an unknown god.
   855 | D:3      | Reached XP level 4. HP: 40/40 MP: 7/7
  1049 | D:3      | Reached skill level 1 in Dodging
  1049 | D:3      | Reached skill level 1 in Shields
  1049 | D:3      | Reached XP level 5. HP: 28/46 MP: 8/8
  1208 | D:3      | Found a transporter.
  1212 | D:3      | Found a transporter.
  1223 | D:3      | Found a basalt altar of Yredelemnul.
  1223 | D:3      | Found a shimmering blue altar of Sif Muna.
  1223 | D:3      | Found a hide-covered altar of Uskayaw.
  1377 | D:3      | Found a bloodstained altar of Trog.
  1452 | D:4      | Noticed Eustachio
  1465 | D:4      | Killed Eustachio
  1466 | D:4      | Reached skill level 5 in Long Blades
  1466 | D:4      | Reached XP level 6. HP: 39/55 MP: 9/9
  1493 | D:4      | Found Detwur's Weapon Emporium.
  1537 | D:4      | Noticed Sigmund
  1559 | D:4      | Reached skill level 5 in Fighting
  1562 | D:4      | Killed Sigmund
  1563 | D:4      | Reached skill level 6 in Long Blades
  1563 | D:4      | Reached XP level 7. HP: 40/61 MP: 10/10
  1587 | D:4      | Found a sparkling altar of Nemelex Xobeh.
  1587 | D:4      | Found an opulent altar of Gozag.
  1730 | D:4      | Found a transporter.
  1735 | D:4      | Noticed Zaque's ghost (amateur OpTm)
  1737 | D:4      | Found a transporter.
  1754 | D:4      | Found an ornate altar of the Wu Jian Council.
  1957 | D:5      | Entered Level 5 of the Dungeon
  2032 | D:5      | Reached XP level 8. HP: 62/70 MP: 11/11
  2118 | D:5      | Reached skill level 7 in Long Blades
  2240 | D:5      | Noticed a troll
  2368 | D:5      | Gained mutation: You passively map the area around you.
                  | [Meteoran growth]
  2368 | D:5      | Reached XP level 9. HP: 62/79 MP: 12/12
  2378 | D:5      | Killed a troll
  2379 | D:5      | Reached skill level 8 in Long Blades
  2555 | D:5      | Found a stormy altar of Qazlal.
  2610 | D:6      | Reached skill level 5 in Dodging
  2610 | D:6      | Reached skill level 5 in Shields
  2613 | D:6      | Identified the +2 buckler of the Cricket {rElec rF++ rC-
                  | rN+}
  2898 | D:6      | Reached skill level 9 in Long Blades
  3079 | D:7      | Noticed Menkaure
  3089 | D:7      | Killed Menkaure
  3090 | D:7      | Reached XP level 10. HP: 73/90 MP: 13/13
  3154 | D:7      | Noticed an ice devil
  3157 | D:7      | Noticed a freezing wraith
  3158 | D:7      | Noticed a freezing wraith
  3161 | D:7      | Noticed an ice devil
  3167 | D:7      | Killed an ice devil
  3279 | D:7      | Killed a freezing wraith
  3280 | D:7      | Reached skill level 10 in Long Blades
  3305 | D:7      | Found a staircase to the Ecumenical Temple.
  3333 | D:7      | Killed a freezing wraith
  3384 | D:7      | Killed an ice devil
  3387 | D:7      | Found the +8 frozen axe "Frostbite" {freezing cloud, *Noise
                  | Fly rC+}
  3496 | D:7      | Reached skill level 10 in Fighting
  3526 | D:7      | Reached skill level 11 in Long Blades
  3526 | D:7      | Reached XP level 11. HP: 69/99 MP: 14/14
  3716 | D:8      | Noticed a two-headed ogre
  3727 | D:8      | Killed a two-headed ogre
  3858 | D:8      | Noticed Maurice
  3861 | D:8      | Maurice changed into Maurice the water moccasin
  3861 | D:8      | Noticed Maurice
  3871 | D:8      | Killed Maurice the water moccasin
  4182 | D:8      | Noticed Prince Ribbit
  4193 | D:8      | Killed Prince Ribbit
  4256 | D:8      | Identified the +2 robe "Vippu" {+Blink rElec rPois}
  4660 | D:8      | Glimpsed the power of Zot.
  4710 | D:8      | Glimpsed the power of Zot.
  4719 | D:9      | Found Viuh Pyi's Distillery.
  4897 | D:9      | Found a burning altar of Makhleb.
  4897 | D:9      | Noticed a green death
  4980 | D:9      | Reached skill level 12 in Long Blades
  5271 | D:9      | Glimpsed the power of Zot.
  5300 | D:10     | Entered Level 10 of the Dungeon
  5379 | D:10     | Noticed Amaemon
  5401 | D:10     | Killed Amaemon
  5411 | D:10     | HP: 3/102 [orange demon[Amaemon] (6)]
  5411 | D:10     | HP: 1/102 [orange demon[Amaemon] (2)]
  5412 | D:10     | Slain by an orange demon

Illustrated notes

Levels and vault maps discovered:
D:1:      dpeg_arrival_windows_large_door, layout_loops_cross,
          minmay_strange_pillars
D:2:      layout_loops_ring, serial_forest, infiniplex_forest_clump_C,
          infiniplex_forest_clump_medium, infiniplex_forest_straight_4,
          infiniplex_forest_clump_tiny, infiniplex_forest_lined_corner,
          infiniplex_forest_join, infiniplex_forest_lined_room_2,
          infiniplex_forest_clump_double, chequers_ecumenical_altar_simple
D:3:      layout_loops_corners, mainiacjoe_overflow_brackets,
          gammafunk_temple_overflow_arena, uniq_natasha
D:4:      layout_cave_pools, grunt_temple_overflow_opulence,
          nicolae_wu_jian_immortal_techniques, gammafunk_ghost_mausoleum,
          nicolae_stop_n_shop_1, uniq_sigmund, uniq_eustachio
D:5:      minmay_clustersquares, layout_cave_pools,
          nicolae_qazlal_eye_of_the_storm, minmay_fractal_squares_diagonal_5
D:6:      layout_cave_pools
D:7:      layout_cave_pools, minmay_temple_entry_butterflies,
          hellmonk_guarded_unrand_frostbite, uniq_menkaure
D:8:      layout_basic, minmay_quadrilaterals, uniq_maurice, uniq_prince_ribbit1
D:9:      layout_gridville, makhleb_altar_promises_db, serial_shops, shop,
          guppyfry_shop_venom
D:10:     layout_small_grid, minmay_misc_feat_five, dk_rats_in_the_wall,
          uniq_amaemon

Skill      XL: |  1  2  3  4  5  6  7  8  9 10 11 |
---------------+----------------------------------+-----
Long Blades    | 4 5 6 7 9 11 12 | 12.3
Fire Magic     | 4 |  4.0
Fighting       | 4 5 6 7 8 10 11 | 11.3
Dodging        | 1 2 3 4 5 7 8 |  8.2
Shields        | 1 2 3 4 5 7 8 |  8.2
Stealth        | |  0.3
Spellcasting   | |  1.3

Action                   |  1- 3 |  4- 6 |  7- 9 | 10-12 || total
-------------------------+-------+-------+-------+-------++-------
Melee: Falchion          |   112 |    60 |   316 |   437 ||   925
Throw: Dart              |       |     2 |     1 |    17 ||    20
Invok: Fiery Armour      |       |     1 |     2 |     5 ||     8
       Foxfire Swarm     |       |       |     1 |     3 ||     4
       Rising Flame      |       |       |       |     1 ||     1
Evoke: Wand              |       |       |       |     5 ||     5
  Use: Scroll            |     7 |       |     4 |     9 ||    20
       Potion            |       |       |       |     4 ||     4
Armor: Robe              |    34 |       |       |   104 ||   138
       Ring mail         |       |    41 |    67 |       ||   108
       Troll leather arm |       |       |    53 |    85 ||   138
Dodge: Dodged            |    41 |    13 |   137 |   220 ||   411
Block: Kite shield       |    25 |    39 |   213 |   354 ||   631

Table legend: (Time is in decaauts)
 A = Elapsed time spent in this place.
 B = Non-inter-level travel time spent in this place.
 C = Inter-level travel time spent in this place.
 D = Time resting spent in this place.
 E = Time spent auto-exploring this place.
 F = Levels seen in this place.
 G = Mean time per level.
                   A        B        C        D        E       F      G
               +--------+--------+--------+--------+--------+-----+--------+
         Total |   5428 |   4866 |    562 |     88 |   2394 |  10 |  542.8 |
       Dungeon |   5428 |   4866 |    562 |     88 |   2394 |  10 |  542.8 |
               +--------+--------+--------+--------+--------+-----+--------+

Top non-repeatable levels by time:
     D:8: 1155 daAuts
     D:3: 609 daAuts
     D:7: 602 daAuts
     D:4: 592 daAuts
     D:5: 578 daAuts
     D:2: 517 daAuts
     D:6: 495 daAuts
     D:9: 424 daAuts
     D:1: 351 daAuts
    D:10: 100 daAuts
